 Dungeon Crawl Stone Soup version 0.19-a0-1107-gc676ff4 (webtiles) character file.

1243 HaroldButt the Basher (level 8, 0/44 HPs)
             Began as a Gargoyle Gladiator on Aug 9, 2016.
             Was a Follower of Okawaru.
             Slain by an ogre
             ... wielding a +0 giant club
              (1 damage)
             ... on level 4 of the Dungeon on Aug 10, 2016.
             The game lasted 00:14:54 (3599 turns).

HaroldButt the Basher (Gargoyle Gladiator)          Turns: 3599, Time: 00:14:55

Health: 0/44       AC: 12    Str: 20    XL:     8   Next: 50%
Magic:  8/8        EV: 12    Int: 10    God:    Okawaru [*.....]
Gold:   214        SH:  0    Dex: 10    Spells: 0 memorised, 7 levels left

rFire  . . .     SeeInvis .     e - +2 flail (holy)
rCold  . . .     Gourm    .     k - +0 ring mail
rNeg   + . .     Faith    .     (no shield)
rPois  ∞         Spirit   .     c - +1 helmet
rElec  +         Dismiss  .     (no cloak)
rCorr  .         Reflect  .     (no gloves)
SustAt .         Harm     .     (no boots)
MR     .....                    (no amulet)
Stlth  ..........               (no ring)
                                (no ring)

@: starving
A: negative energy resistance 1, electricity resistance, unbreathing,
petrification resistance, rot immunity, AC +5
a: Heroism, Renounce Religion


You were on level 4 of the Dungeon.
You worshipped Okawaru.
Okawaru was aware of your devotion.
You were starving.

You visited 2 branches of the dungeon, and saw 5 of its levels.
You also visited: Ossuary.

You collected 214 gold pieces.

Inventory:

Hand Weapons
 a - a +0 flail
 e - a +2 flail of holy wrath (weapon)
Missiles
 d - 3 throwing nets (quivered)
Armour
 c - a +1 helmet (worn)
 k - a +0 ring mail (worn)
Jewellery
 t - an uncursed ring of fire {unknown}
Wands
 l - a wand of polymorph (9/24)
 s - a wand of digging (1/24)
Scrolls
 b - 3 scrolls of remove curse
 g - a scroll of recharging {unknown}
 m - a scroll of fog
 n - 5 scrolls of identify
 o - a scroll of enchant armour
 p - a scroll of enchant weapon {unknown}
Potions
 j - 5 potions of curing
 q - a potion of might {unknown}
 r - a potion of haste {unknown}
Comestibles
 f - 5 bread rations
 h - a royal jelly
 i - a slice of pizza


   Skills:
 - Level 2.1 Fighting
 - Level 10.0 Maces & Flails
 - Level 1.7 Throwing
 + Level 3.4 Dodging


You had 7 spell levels left.
You didn't know any spells.

Dungeon Overview and Level Annotations

Branches:
Dungeon (4/15)             Temple (1/1) D:4

Altars:
Cheibriados
Elyvilon
Fedhas
Gozag
Makhleb
Nemelex Xobeh
Okawaru
Pakellas
Qazlal
Xom
Yredelemnul
Zin
The Shining One


Innate Abilities, Weirdness & Mutations

You are resistant to torment.
Your stone body is resilient. (AC +5)
You are immune to poison.
You resist negative energy. (rN+)
You are resistant to electric shocks. (rElec)
You can survive without breathing.
You are immune to petrification.
You are immune to rotting.


Message History

Ouch! That really hurt!
You hit the ogre.
The ogre is moderately wounded.
The ogre misses you.
You see here a jackal corpse.
You see here a jackal corpse.
You see here a jackal corpse.
You see here a jackal corpse.
You see here a jackal corpse.
You see here a jackal corpse.
You are starving!
You sock the ogre!
The ogre is severely wounded.
The ogre hits you with a giant club!!
Ouch! That really hurt!
* * * LOW HITPOINT WARNING * * *
You barely miss the ogre.
The ogre is severely wounded.
The ogre hits you with a giant club.
You die...

###...8..# #####.....###.##.....
#........# ##...## #.##.####
#.##8...8#########.## #.##.## #
##.##...............#####.#...###
....#..8.....#####.....##..#.#.##
##.................###.##....#.##
#.#####.....#####.###.###.###.##
#.# #..>..#####...............
#.# ###.####.@.......#####.#.#
#.#######...##O##†###..# #.#(#
#.........#.##.##.# .... ..#.#
#######...#....##.# ######.#.
#.....#####..##.# ..###
#.###...#.>..##.# ###.#. #.#
###.#.......# #.# #.# #...#..####
#.# #.# #####.## #.#


You could see an ogre.

Vanquished Creatures
  The ghost of Tungsten the Zephyrmancer, a novice HEAE of Vehumet (Ossuary)
  Edmund (D:4)
  Duvessa (D:4)
  A phantom (D:4)
  An ogre (D:4)
  Dowan (D:4)
  Terence (D:3)
  2 worker ants
  5 big kobold zombies (Ossuary)
  2 hound skeletons (D:4)
  A mummy (Ossuary)
  5 adders
  An ooze (D:2)
  A worm (D:3)
  A dart slug (D:4)
  9 giant geckos
  3 orcs
  3 spectral bats (Ossuary)
  10 bats
  6 giant cockroaches
  6 gnoll zombies (Ossuary)
  4 goblins
  7 hobgoblins
  17 jackals
  10 kobolds
  A quokka (D:3)
  4 bat simulacra (Ossuary)
  5 giant newts
  2 goblin simulacra (Ossuary)
  4 goblin zombies (Ossuary)
  4 hobgoblin zombies (Ossuary)
  A kobold simulacrum (Ossuary)
  5 kobold zombies (Ossuary)
  3 orc zombies (Ossuary)
  4 rats
  2 rat simulacra (Ossuary)
  4 spectral goblins (Ossuary)
  A spectral kobold (Ossuary)
  A spectral rat (Ossuary)
141 creatures vanquished.

Vanquished Creatures (others)
  A gnoll zombie (Ossuary)
  A goblin zombie (Ossuary)
  A hobgoblin zombie (Ossuary)
3 creatures vanquished.

Grand Total: 144 creatures vanquished

Notes
Turn   | Place    | Note
-------+----------+-------------------------------------------
     0 | D:1      | HaroldButt the Gargoyle Gladiator began the quest for the Orb.
     0 | D:1      | Reached XP level 1. HP: 12/12 MP: 1/1
    14 | D:1      | Noticed a minotaur skeleton
    65 | D:1      | Reached XP level 2. HP: 12/17 MP: 2/2
   397 | D:1      | Reached skill level 4 in Maces & Flails
   493 | D:1      | Reached XP level 3. HP: 19/21 MP: 3/3
   810 | D:2      | Found a stormy altar of Qazlal.
   959 | D:2      | Reached XP level 4. HP: 26/26 MP: 4/4
  1069 | D:2      | Reached skill level 5 in Maces & Flails
  1738 | D:3      | Noticed Terence
  1751 | D:3      | Reached XP level 5. HP: 30/30 MP: 5/5
  1772 | D:3      | Killed Terence
  1882 | D:3      | Reached skill level 6 in Maces & Flails
  2220 | D:4      | Noticed Duvessa
  2231 | D:4      | Noticed Dowan
  2241 | D:4      | Killed Duvessa
  2241 | D:4      | Reached skill level 7 in Maces & Flails
  2241 | D:4      | Reached XP level 6. HP: 18/35 MP: 6/6
  2265 | D:4      | Killed Dowan
  2404 | D:4      | Noticed Edmund
  2405 | D:4      | Found a staircase to the Ecumenical Temple.
  2427 | D:4      | Found an oddly glowing altar of Pakellas.
  2463 | D:4      | Killed Edmund
  2463 | D:4      | Reached skill level 8 in Maces & Flails
  2463 | D:4      | Reached XP level 7. HP: 7/40 MP: 7/7
  2590 | Temple   | Entered the Ecumenical Temple
  2630 | Temple   | Became a worshipper of Warmaster Okawaru
  2720 | D:4      | Found a sand-covered staircase.
  2729 | Ossuary  | Entered an ossuary
  2750 | Ossuary  | Noticed Tungsten's ghost (novice HEAE)
  2778 | Ossuary  | Killed Tungsten's ghost
  2778 | Ossuary  | Reached * piety under Okawaru
  2778 | Ossuary  | Reached skill level 9 in Maces & Flails
  2778 | Ossuary  | Reached XP level 8. HP: 37/44 MP: 8/8
  3031 | Ossuary  | Reached skill level 10 in Maces & Flails
  3271 | D:4      | Found a glowing golden altar of the Shining One.
  3414 | D:4      | Found an opulent altar of Gozag.
  3598 | D:4      | HP: 1/44 [ogre/giant club (29)]
  3599 | D:4      | Slain by an ogre

Vault maps used:
D:1:      shiori_arrival_whats_in_store_for_you
D:2:      nicolae_qazlal_general_emergency, minmay_tetromino_o2
D:3:      uniq_terence
D:4:      nicolae_gozag_seed_capital, johnstein_pakellas_dig,
          lemuel_crystal_altar, nicolae_ossuary_entry_monument, first_bread,
          uniq_edmund, uniq_duvessa
Temple:   kb_temple_of_zot
Ossuary:  ossuary_zaba_two_paths

Skill      XL: |  1  2  3  4  5  6  7  8 |
---------------+-------------------------+-----
Maces & Flails | 4 5 7 8 9 10 | 10.0
Dodging        | 3 |  3.4
Fighting       | |  2.1
Throwing       | |  1.7

Action                   |  1- 3 |  4- 6 |  7- 9 || total
-------------------------+-------+-------+-------++-------
Melee: Flail             |   183 |   236 |   173 ||   592
Throw: Throwing net      |       |     2 |       ||     2
  Use: Scroll            |       |    10 |       ||    10
       Potion            |       |     5 |       ||     5
  Eat: Chunk             |       |     6 |       ||     6
       Fruit             |       |       |     2 ||     2
Armor: Leather armour    |    19 |       |       ||    19
       Ring mail         |   123 |   138 |    85 ||   346
       Skin              |       |     9 |       ||     9
Dodge: Dodged            |   167 |   165 |    72 ||   404
